 Dungeon Crawl Stone Soup version 0.22-a0-833-g8522bf8125 (webtiles) character file.

470 Htamos the Skirmisher (level 7, 0/39 HPs)
             Began as a Gargoyle Fighter on July 25, 2018.
             Slain by a killer bee (3 damage)
             ... on level 5 of the Dungeon.
             The game lasted 00:04:25 (3677 turns).

Htamos the Skirmisher (Gargoyle Fighter)            Turns: 3677, Time: 00:04:27

Health: 0/39       AC: 14    Str: 19    XL:     7   Next: 9%
Magic:  7/7        EV:  6    Int: 14    God:
Gold:   262        SH:  9    Dex: 13    Spells: 6/6 levels left

rFire    . . .     SeeInvis .   a - +0 flail
rCold    . . .     Gourm    .   c - +0 shield
rNeg     + . .     Faith    .   d - +0 chain mail
rPois    ∞         Spirit   .   (no helmet)
rElec    +         Reflect  .   D - scarf {cloud immunity}
rCorr    .         Harm     .   (no gloves)
MR       .....     Rnd*Rage +   (no boots)
Stlth    ..........             (no amulet)
HPRegen  0.13/turn              (no ring)
MPRegen  0.10/turn              (no ring)

@: brilliant, berserk cooldown, starving, slowed, very slow
A: big wings, agile 1, berserk 1, frail 1, negative energy resistance 1,
electricity resistance, unbreathing, petrification resistance, rot immunity, AC
+4
a: Fly


You were on level 5 of the Dungeon.
You were starving.

You visited 1 branch of the dungeon, and saw 5 of its levels.

You collected 262 gold pieces.

Inventory:

Hand Weapons
 a - a +0 flail (weapon)
 y - a +0 battleaxe
 z - a cursed -1 dagger
Armour
 b - a +0 scale mail
 c - a +0 shield (worn)
 d - a +0 chain mail (worn)
 D - a scarf of cloud immunity (worn)
Jewellery
 s - an uncursed amulet of the acrobat {unknown}
 t - an uncursed ring of positive energy {unknown}
 x - an uncursed ring of protection from fire {unknown}
 C - a cursed ring of attention {unknown}
Wands
 B - a wand of enslavement (9)
Scrolls
 e - 2 scrolls of teleportation {unknown}
 h - 4 scrolls of remove curse {unknown}
 i - a scroll of noise {unknown}
 j - a scroll of immolation {unknown}
 l - 2 scrolls of magic mapping {unknown}
 m - 3 scrolls of fear {unknown}
 n - 2 scrolls of identify {unknown}
 r - a scroll of amnesia {unknown}
 A - a scroll of enchant weapon {unknown}
Potions
 g - a potion of degeneration {unknown}
 k - 2 potions of brilliance
 v - a potion of lignification
 w - a potion of flight
Comestibles
 f - 10 rations


   Skills:
 + Level 4.6 Fighting
 * Level 4.6 Maces & Flails
 + Level 4.5 Armour
 + Level 2.0 Dodging
 + Level 4.5 Shields


You had 6 spell levels left.
You didn't know any spells.
Your spell library contained the following spells:

 Spells                   Type           Power        Failure   Level  Hunger
 Confuse                  Hex            #.......     94%         3    ####...
 Tukima's Dance           Hex            #.......     94%         3    ####...
 Ensorcelled Hibernation  Hex/Ice        #.....       80%         2    ###....
 Corona                   Hex            #......      69%         1    ##.....
 Dazzling Spray           Conj/Hex       #.....       94%         3    ####...


Dungeon Overview and Level Annotations

Branches:
Dungeon (5/15)
 Temple: D:4-7

Altars:
Gozag
Kikubaaqudgha
Qazlal


Innate Abilities, Weirdness & Mutations

You are resistant to torment.
Your stone body is resilient. (AC +4)
You are immune to poison.
You resist negative energy. (rN+)
You are resistant to electric shocks. (rElec)
You can survive without breathing.
You are immune to petrification.
You are immune to rotting.
Your large and strong wings let you fly indefinitely.
You are agile. (Dex +2)
You tend to lose your temper in combat.
You are frail. (-10% HP)


Message History

The killer bee stings you but does no damage. x2
Unknown command.
The killer bee stings you but does no damage.
The killer bee barely misses you.
You miss the killer bee.
The killer bee is almost dead.
The killer bee stings you but does no damage.
The killer bee barely misses you. You block the killer bee's attack.
Unknown command.
You feel a strong urge to attack something.
You are no longer berserk.
You are exhausted.
You feel yourself slow down. You block the killer bee's attack.
It was a potion of brilliance.
You feel clever all of a sudden. You block the killer bee's attack.
The killer bee stings you but does no damage. x2
The killer bee closely misses you. You block the killer bee's attack.
The killer bee completely misses you. The killer bee stings you.
You die...

#........(..............
###.......(...........[.
#........(...........?
#.....................
##########.(..........#
#.............
#######...........
#.#.)))####5.......#
#.)P))@###........#
##)))yyy#$........#
##))))........###
####(........#
#.........########
##................
##...............
#...............
#................


You could see 3 killer bees.

Vanquished Creatures
  Eustachio (D:4)
  A centaur (D:5)
  2 killer bees (D:5)
  A worker ant (D:4)
  8 adders
  4 worms
  3 dart slugs
  3 leopard geckos
  3 bats
  A giant cockroach (D:2)
  5 goblins
  6 hobgoblins
  6 jackals (D:4)
  A quokka (D:4)
  3 frilled lizards
  2 kobolds (D:1)
  6 rats
56 creatures vanquished.

Notes
Turn   | Place    | Note
-------+----------+-------------------------------------------
     0 | D:1      | Htamos the Gargoyle Fighter began the quest for the Orb.
     0 | D:1      | Reached XP level 1. HP: 14/14 MP: 1/1
    79 | D:1      | Reached XP level 2. HP: 12/19 MP: 2/2
   782 | D:2      | Reached XP level 3. HP: 23/23 MP: 3/3
   884 | D:2      | Found an ancient bone altar of Kikubaaqudgha.
  1621 | D:3      | Reached XP level 4. HP: 29/29 MP: 4/4
  1926 | D:3      | Found an opulent altar of Gozag.
  2288 | D:4      | Found a stormy altar of Qazlal.
  2309 | D:4      | Reached skill level 1 in Dodging
  2309 | D:4      | Reached XP level 5. HP: 33/33 MP: 5/5
  2623 | D:4      | Noticed Eustachio
  2659 | D:4      | Killed Eustachio
  2659 | D:4      | Reached XP level 6. HP: 21/39 MP: 6/6
  3324 | D:5      | Entered Level 5 of the Dungeon
  3650 | D:5      | Gained mutation: You are agile. (Dex +2) [potion of mutation]
  3650 | D:5      | Gained mutation: You tend to lose your temper in combat. [potion of mutation]
  3650 | D:5      | Gained mutation: You are frail. (-10% HP) [potion of mutation]
  3650 | D:5      | Gained mutation: Your large and strong wings let you fly indefinitely. [potion of mutation]
  3661 | D:5      | Reached XP level 7. HP: 20/39 MP: 7/7
  3677 | D:5      | Slain by a killer bee

Vault maps used:
D:1:      eino_arrival_tree_alley
D:2:      kiku_gazebo_garden_becter, minmay_misc_feat_diagonals,
          hangedman_abyss_or_decor_lesser_grid
D:3:      first_ration, nicolae_gozag_cash_rules_everything_around_me
D:4:      nicolae_overflow_crystal_walls, uniq_eustachio
D:5:      uniq_crazy_yiuf_cottage

Skill      XL: |  1  2  3  4  5  6 |
---------------+-------------------+-----
Maces & Flails | 3 4 |  4.6
Fighting       | 4 |  4.6
Dodging        | 1 2 |  2.0
Armour         | 4 |  4.5
Shields        | 4 |  4.5

Action                   |  1- 3 |  4- 6 |  7- 9 || total
-------------------------+-------+-------+-------++-------
Melee: Flail             |    83 |   170 |    11 ||   264
  Use: Potion            |       |     6 |     2 ||     8
  Eat: Chunk             |     2 |     5 |       ||     7
Armor: Scale mail        |    34 |   145 |       ||   179
       Skin              |       |    93 |    28 ||   121
       Chain mail        |       |    26 |     8 ||    34
Dodge: Dodged            |    30 |   124 |    12 ||   166
Block: Shield            |    34 |   173 |    21 ||   228

Table legend:
 A = Spawn XP
 B = Non-spawn XP
 C = Spawn XP percentage of total XP
 D = Spawn monster count
 E = Non-spawn monster count
 F = Spawn count percentage of total count
 G = Total turns spent on level
                    A         B        C        D         E        F      G
               +---------+---------+-------+---------+---------+-------+---------
         Total |       0 |     672 |   0.0 |       0 |      56 |   0.0 |  3677
               +---------+---------+-------+---------+---------+-------+---------
           D:1 |       0 |      28 |   0.0 |       0 |      13 |   0.0 |   774
           D:2 |       0 |      51 |   0.0 |       0 |       8 |   0.0 |   863
           D:3 |       0 |      64 |   0.0 |       0 |      19 |   0.0 |   568
           D:4 |       0 |     297 |   0.0 |       0 |      13 |   0.0 |  1362
           D:5 |       0 |     232 |   0.0 |       0 |       3 |   0.0 |   110
               +---------+---------+-------+---------+---------+-------+---------
